 Dungeon Crawl Stone Soup version 0.17.0-24-gcfadda4 (webtiles) character file.

8636 TruthSerum the Grappler (level 11, 0/108 (109) HPs)
             Began as a Troll Monk on Nov 15, 2015.
             Was a High Priest of Okawaru.
             Slain by a 17-headed hydra (4 damage)
             ... on level 1 of the Lair of Beasts.
             The game lasted 00:37:34 (6825 turns).

TruthSerum the Grappler (Troll Monk)                Turns: 6825, Time: 00:37:34

HP:   0/108 (109)   AC: 16    Str: 24    XL:     11   Next: 12%
MP:   9/14          EV: 10    Int:  6    God:    Okawaru [*****.]
Gold: 439           SH: 17    Dex: 15    Spells: 0 memorised, 10 levels left

rFire  + . .     SeeInvis .       - Unarmed
rCold  + + .     Clarity  .     M - +2 robe {rC+}
rNeg   . . .     SustAt   +     F - +0 large shield of Fortitude {rF+ Str+3}
rPois  .         Gourm    +     (helmet restricted)
rElec  .         Spirit   .     d - +2 cloak
rCorr  .         Warding  .     (gloves unavailable)
rMut   .         Stasis   .     (boots unavailable)
MR     .....                    (no amulet)
Stlth  ++........               y - +2 ring of protection
                                C - ring of sustain attributes

@: finesse, not resistant to hostile enchantments, unstealthy
A: unfitting armour, claws 3, horns 1, large bone plates 1, slimy green scales
1, cold resistance 1, fast metabolism 3, gourmand, regeneration 2, shaggy fur 1,
spit poison 1, tough skin 2, MP-powered wands
a: Spit Poison, Heroism, Finesse, Renounce Religion


You were on level 1 of the Lair of Beasts.
You worshipped Okawaru.
Okawaru was extremely pleased with you.
You were completely stuffed.

You visited 3 branches of the dungeon, and saw 11 of its levels.
You visited the Abyss 1 time.
You also visited: Sewer.

You collected 439 gold pieces.

Inventory:

Missiles
 P - 7 javelins of penetration (quivered)
Armour
 d - a +2 cloak (worn)
 q - a +2 robe of positive energy
 F - the +0 large shield of Fortitude (worn) {rF+ Str+3}
   (Okawaru gifted it to you on level 1 of the Lair of Beasts)

   It affects your strength (+3).
   It protects you from fire.
 M - a +2 robe of cold resistance (worn)
Jewellery
 j - an uncursed ring of flight
 y - a +2 ring of protection (right claw)
 C - a ring of sustain attributes (left claw)
 L - an uncursed amulet of clarity {unknown}
 N - an uncursed ring of ice
Wands
 s - a wand of cold (6)
 v - a wand of paralysis (14)
 E - a wand of disintegration (14)
 G - a wand of random effects (22)
 I - a wand of confusion (26)
Scrolls
 f - 6 scrolls of teleportation
 n - 2 scrolls of enchant armour
 u - 6 scrolls of remove curse
 z - a scroll of blinking
 D - 2 scrolls of fog
 H - a scroll of holy word
Potions
 a - a potion of cure mutation
 e - 7 potions of curing
 g - 5 potions of lignification
 h - 6 potions of brilliance {unknown}
 i - 4 potions of mutation {unknown}
 k - a potion of resistance {unknown}
 l - 2 potions of degeneration {unknown}
 o - a potion of cancellation {unknown}
 p - a potion of flight {unknown}
 r - a potion of poison {unknown}
 t - 2 potions of might {unknown}
 w - 2 potions of berserk rage {unknown}
 x - a potion of magic {unknown}
 B - 2 potions of invisibility {unknown}
 J - a potion of ambrosia {unknown}
Comestibles
 b - 8 bread rations
 c - 4 meat rations
 m - 2 fruits
 A - 2 slices of pizza
 K - a beef jerky
 O - 2 chunks of flesh


   Skills:
 + Level 7.5 Fighting
 + Level 7.4 Dodging
 - Level 1.1 Stealth
 + Level 4.3 Shields
 + Level 9.2 Unarmed Combat
 + Level 5.5 Invocations
 - Level 3.7 Evocations


You had 10 spell levels left.
You didn't know any spells.

Dungeon Overview and Level Annotations

Branches:
Dungeon (9/15)             Temple (1/1) D:5            Lair (1/8) D:8
    Orc: D:9-12

Altars:
Ashenzari
Cheibriados
Dithmenos
Elyvilon
Fedhas
Gozag
Kikubaaqudgha
Makhleb
Nemelex Xobeh
Okawaru
Qazlal
Ru
Sif Muna
Trog
Vehumet
Xom
Yredelemnul
Zin
The Shining One


Innate Abilities, Weirdness & Mutations

You are too large for most types of armour.
You have claws for hands.
Your metabolism is lightning-fast.
You like to eat raw meat.
You heal very quickly.
You are covered in fur (AC +1).
You have very tough skin (AC +2).
You have a pair of small horns on your head.
You are partially covered in large bone plates (AC +2, SH +2).
You are partially covered in slimy green scales (AC +2).
Your flesh is cold resistant.
You can spit weak poison.
You expend magic power (3 MP) to strengthen your wands.


Message History

The 14-headed hydra grows two more!
You mangle the 16-headed hydra!! You headbutt the 16-headed hydra.
The 16-headed hydra is severely wounded.
You rip one of the 16-headed hydra's heads off!
The 15-headed hydra grows two more!
You scratch the 17-headed hydra.
The 17-headed hydra is severely wounded.
The 17-headed hydra bites you! x2
* * * LOW HITPOINT WARNING * * *
You block the 17-headed hydra's attack.
The 17-headed hydra bites you but does no damage.
You block the 17-headed hydra's attack.
The 17-headed hydra bites you but does no damage.
The 17-headed hydra bites you!
* * * LOW HITPOINT WARNING * * *
You block the 17-headed hydra's attack. x2
The 17-headed hydra bites you but does no damage.
The 17-headed hydra bites you!
* * * LOW HITPOINT WARNING * * *
The 17-headed hydra bites you.
You die...

P♣♣##P## ≈≈♣≈...# ##+###### ≈≈♣
♣≈≈...# #.......# Y≈≈ P≈....
#.......# ≈≈≈≈ ♣...# ####.......#
≈≈k;≈ ♣♣..####.##.......#
Y≈D≈≈♣♣≈........'.......#
≈≈≈≈≈≈≈♣..##.###P.......#
≈≈≈≈PP≈♣@.#### ##.......# ♣D..#
####'#### ♣♣..# #...# ≈≈≈ P≈
♣..## #..## ≈≈≈ ≈≈♣♣...### ##.##
≈≈≈≈≈≈≈≈≈≈≈P≈.....# #..## ##
♣≈≈≈P≈≈≈PP♣≈......####+#.#####
.#♣♣P≈≈≈≈≈≈≈≈≈≈......##.......>.#
..PP≈≈≈♣≈≈≈♣P≈♣......###.......##


You could see a 17-headed hydra.

Vanquished Creatures
  Fannar (Lair:1)
  Erica (Lair:1)
  Urug (Lair:1)
  The ghost of gw the Chopper, a novice DDGl of Makhleb (D:6)
  An ugly thing (D:8)
  Psyche (D:8)
  Prince Ribbit (D:7)
  A deep elf fighter (D:8)
  5 yaks (D:9)
  Grum (D:8)
  Edmund (D:4)
  A water moccasin (Lair:1)
  2 orc warriors
  2 wolves (D:8)
  Purgy (Sewer)
  4 necrophages
  A black bear (D:8)
  5 centaurs
  2 ice beasts
  4 ogres
  3 sky beasts
  3 phantoms
  A gnoll sergeant (D:7)
  5 giant frogs
  A wyvern zombie (D:8)
  2 scorpions
  3 killer bees (D:9)
  4 crimson imps
  3 orc priests
  3 giant frog skeletons
  5 orc wizards
  Jessica (D:2)
  A centaur skeleton (D:7)
  Terence (D:2)
  An iguana (D:8)
  4 worker ants
  A hound zombie (D:9)
  A worker ant zombie (D:5)
  Robin (D:2)
  14 adders
  6 gnolls
  11 river rats
  A shadow imp (D:5)
  An ooze (D:2)
  2 adder skeletons
  An adder zombie (D:9)
  A worm (D:2)
  27 orcs
  5 ball pythons
  18 bats
  9 giant cockroaches
  14 goblins
  10 hobgoblins
  6 jackals
  A giant gecko (D:5)
  4 giant newts
  12 kobolds
  3 quokkas
  2 quokka skeletons
  A quokka zombie (D:9)
  17 rats
  3 butterflies (D:5)
  A fungus (D:8)
251 creatures vanquished.

Vanquished Creatures (others)
  A fungus (D:8)
1 creature vanquished.

Grand Total: 252 creatures vanquished

Notes
Turn   | Place    | Note
--------------------------------------------------------------
     0 | D:1      | TruthSerum the Troll Monk began the quest for the Orb.
     0 | D:1      | Reached XP level 1. HP: 22/22 MP: 0/0
   136 | D:1      | Reached XP level 2. HP: 29/29 MP: 1/1
   553 | D:2      | Reached XP level 3. HP: 36/36 MP: 2/2
   734 | D:2      | Noticed Jessica
   737 | D:2      | Killed Jessica
   765 | D:2      | Reached XP level 4. HP: 45/45 MP: 3/3
   874 | D:2      | Noticed Terence
   881 | D:2      | Killed Terence
   916 | D:2      | Noticed Robin
  1052 | D:2      | Killed Robin
  1237 | D:3      | Found a glowing drain.
  1264 | D:3      | Reached XP level 5. HP: 41/53 MP: 4/4
  1279 | Sewer    | Entered a sewer
  1367 | Sewer    | Noticed Purgy
  1376 | Sewer    | Killed Purgy
  1376 | Sewer    | Reached skill level 5 in Unarmed Combat
  1511 | D:3      | Reached XP level 6. HP: 62/62 MP: 5/5
  2014 | D:4      | Noticed Edmund
  2036 | D:4      | Killed Edmund
  2036 | D:4      | Reached skill level 1 in Evocations
  2102 | D:4      | Reached XP level 7. HP: 69/71 MP: 6/6
  2690 | D:5      | Entered Level 5 of the Dungeon
  2710 | D:5      | Found a staircase to the Ecumenical Temple.
  2753 | Temple   | Entered the Ecumenical Temple
  2762 | Temple   | Became a worshipper of Warmaster Okawaru
  2762 | Temple   | Reached * piety under Okawaru
  2762 | Temple   | Reached ** piety under Okawaru
  2885 | D:5      | Reached skill level 6 in Unarmed Combat
  3306 | D:5      | Reached XP level 8. HP: 75/79 MP: 8/8
  3327 | D:5      | Reached skill level 5 in Fighting
  3372 | D:5      | Reached skill level 5 in Dodging
  3762 | D:6      | Found a glowing golden altar of the Shining One.
  3783 | D:6      | Reached *** piety under Okawaru
  3787 | D:6      | Gained mutation: You are partially covered in slimy green scales (AC +2). [mutagenic meat]
  3788 | D:6      | Gained mutation: You have a pair of small horns on your head. [mutagenic meat]
  3789 | D:6      | Gained mutation: You expend magic power (3 MP) to strengthen your wands. [mutagenic meat]
  3790 | D:6      | Gained mutation: You are partially covered in large bone plates (AC +2, SH +2). [mutagenic meat]
  3791 | D:6      | Gained mutation: Your flesh is cold resistant. [mutagenic meat]
  3792 | D:6      | Gained mutation: You can spit weak poison. [mutagenic meat]
  3825 | D:6      | Noticed gw's ghost (novice DDGl)
  3850 | D:6      | Killed gw's ghost
  3850 | D:6      | Reached skill level 7 in Unarmed Combat
  3866 | D:6      | Reached **** piety under Okawaru
  3866 | D:6      | Reached XP level 9. HP: 35/89 MP: 10/10
  4834 | D:7      | Noticed Prince Ribbit
  4840 | D:7      | Reached skill level 1 in Shields
  4851 | D:7      | Killed Prince Ribbit
  4851 | D:7      | Reached ***** piety under Okawaru
  4945 | D:7      | Found a sacrificial altar of Ru.
  5318 | D:8      | Reached skill level 8 in Unarmed Combat
  5425 | D:8      | Found a staircase to the Lair.
  5507 | D:8      | Noticed Grum
  5512 | D:8      | Reached XP level 10. HP: 75/99 MP: 11/11
  5521 | D:8      | Killed Grum
  5561 | D:8      | Noticed a white ugly thing
  5573 | D:8      | Killed a white ugly thing
  5659 | D:8      | Noticed Psyche
  5730 | D:8      | Cast into the Abyss (Psyche)
  5784 | D:8      | Escaped the Abyss
  5837 | D:8      | Killed Psyche
  5837 | D:8      | Received a gift from Okawaru
  6236 | D:9      | Reached skill level 5 in Invocations
  6528 | Lair:1   | Entered Level 1 of the Lair of Beasts
  6620 | Lair:1   | Noticed Fannar
  6643 | Lair:1   | Killed Fannar
  6643 | Lair:1   | Received a gift from Okawaru
  6643 | Lair:1   | Reached skill level 9 in Unarmed Combat
  6646 | Lair:1   | Got a spiked large shield {god gift}
  6657 | Lair:1   | Identified the +0 large shield of Fortitude {rF+ Str+3} (Okawaru gifted it to you on level 1 of the Lair of Beasts)
  6743 | Lair:1   | Noticed Urug
  6746 | Lair:1   | Noticed Erica
  6756 | Lair:1   | Killed Erica
  6756 | Lair:1   | Reached XP level 11. HP: 108/108 MP: 10/14
  6760 | Lair:1   | Killed Urug
  6809 | Lair:1   | Noticed an eight-headed hydra
  6810 | Lair:1   | Noticed an elephant
  6810 | Lair:1   | Noticed an elephant
  6825 | Lair:1   | HP: 4/108 [17-headed hydra (10)]
  6825 | Lair:1   | Slain by a 17-headed hydra

Action                   |  1- 3 |  4- 6 |  7- 9 | 10-12 || total
-------------------------+-------+-------+-------+-------++-------
Melee: Unarmed           |    60 |   168 |   349 |   196 ||   773
Invok: Heroism           |       |       |     2 |     2 ||     4
       Finesse           |       |       |       |     1 ||     1
Evoke: Wand              |       |     3 |       |       ||     3
  Use: Scroll            |       |    10 |     7 |     2 ||    19
 Stab: Sleeping          |     6 |     7 |     7 |     2 ||    22
  Eat: Chunk             |    12 |    12 |    38 |    13 ||    75
